 Dungeon Crawl Stone Soup version 0.27.1 (webtiles) character file.

Game seed: 13261520787687143298

9088 ABBCCCDDDD the Skirmisher (level 11, 0/77 HPs)
             Began as an Octopode Earth Elementalist on Aug 25, 2021.
             Was a Believer of Wu Jian.
             Succumbed to a hornet's poison
             ... while paralysed by a hornet
             ... on level 11 of the Dungeon.
             The game lasted 00:36:02 (18994 turns).

ABBCCCDDDD the Skirmisher (OpEE)                   Turns: 18994, Time: 00:36:03

Health: 0/77       AC:  1    Str:  7    XL:     11   Next: 41%
Magic:  12/25      EV:  2    Int: 15    God:    Wu Jian [**....]
Gold:   399        SH:  0    Dex: 12    Spells: 11/17 levels left

rFire    + . .     SeeInvis +   y - +7 short sword of Tuikk {vamp, rF+ MP+9 Int-5 SInv}
rCold    + . .     Faith    .   x - +0 buckler
rNeg     + . .     Spirit   .   (helmet restricted)
rPois    .         Reflect  .   q - amulet of the acrobat
rElec    .         Harm     .   n - ring of willpower
rCorr    +         Rampage  .   w - ring of positive energy
Will     ++...                  E - ring of resist corrosion
Stlth    ++++......             (no ring)
HPRegen  0.22/turn              (no ring)
MPRegen  0.19/turn              (no ring)
                                (no ring)
                                (no ring)

@: paralysed, lethally poisoned (0 -> -9), slowed
A: almost no armour, amphibious, 8 rings, camouflage 1, gelatinous body 1,
(nimble swimmer 1), tentacles, cold resistance 1, strong-willed 1, weak 1
a: Renounce Religion, Wall Jump


You were on level 11 of the Dungeon.
You worshipped Wu Jian.
Wu Jian was pleased with you.
You visited 2 branches of the dungeon, and saw 12 of its levels.

You collected 529 gold pieces.
You spent 130 gold pieces at shops.

Inventory:

Hand Weapons
 f - a +0 spear
 m - a +3 dagger of flaming
 s - a +0 falchion of holy wrath
 y - the +7 short sword of Tuikk (weapon) {vamp, rF+ MP+9 Int-5 SInv}
   (You found it on level 8 of the Dungeon)

   It occasionally heals its wielder for a portion of the damage dealt when it
   wounds a living foe.
   Int:       It affects your intelligence (-5).
   rF:        It protects you from fire.
   MP:        It affects your magic capacity (+9).
   SInv:      It lets you see invisible.
Missiles
 a - 16 silver boomerangs
 b - 165 stones
 g - 57 sling bullets
 t - 3 throwing nets
 z - 15 poisoned darts (quivered)
Armour
 x - a +0 buckler (worn)
Magical Staves
 d - a staff of conjuration
Jewellery
 n - a ring of willpower (left tentacle)
 q - an amulet of the acrobat (around mantle)
 w - a ring of positive energy (right tentacle)
 E - a ring of resist corrosion (on tentacle)
Wands
 i - a wand of acid (3)
 u - a wand of mindburst (8)
Scrolls
 c - 2 scrolls of teleportation
 h - a scroll of identify
 j - a scroll of enchant armour
 l - a scroll of immolation
 v - 4 scrolls of fear
 D - a scroll of enchant weapon
Potions
 e - a potion of curing
 k - a potion of haste
 o - a potion of heal wounds
 p - a potion of lignification {unknown}
 r - a potion of mutation
 A - a potion of berserk rage
 B - a potion of might
 C - 2 potions of brilliance


   Skills:
 + Level 7.9 Fighting
 + Level 5.8 Short Blades
 - Level 5.0 Dodging
 - Level 6.0 Stealth
 - Level 4.0 Shields
 + Level 3.9 Spellcasting
 + Level 7.1 Conjurations
 - Level 5.0 Transmutations
 + Level 7.1 Earth Magic
 + Level 5.0 Evocations


You had 11 spell levels left.
You knew the following spells:

 Your Spells              Type           Power      Damage    Failure   Level
a - Sandblast             Erth           48%        2d12      1%          1
b - Stone Arrow           Conj/Erth      48%        3d10      3%          3
c - Passwall              Tmut/Erth      17%        N/A       2%          2

Your spell library contained the following spells:

 Spells                   Type           Power      Damage    Failure   Level
 Petrify                  Tmut/Erth      21%        N/A       16%         4
 Leda's Liquefaction      Hex/Erth       6%         N/A       38%         4
 Call Canine Familiar     Summ           2%         N/A       50%         3
 Gell's Gravitas          Tloc           1%         N/A       50%         3
 Portal Projectile        Hex/Tloc       4%         N/A       50%         3
 Teleport Other           Tloc           2%         N/A       50%         3
 Dispersal                Tloc           1%         N/A       100%        6


Dungeon Overview and Level Annotations

Branches:
Dungeon (11/15)            Temple (1/1) D:6
   Lair: D:8-11         Orc: D:9-12

Altars:
Ashenzari
Cheibriados
Dithmenos
Elyvilon
Fedhas
Gozag
Hepliaklqana
Kikubaaqudgha
Makhleb
Nemelex Xobeh
Okawaru
Qazlal
Ru
Sif Muna
Trog
Uskayaw
Vehumet
Wu Jian
Xom
Yredelemnul
Zin
The Shining One

Shops:
D:5 (   D:8 [   D:9 [

Annotations:
D:2 exclusion: downstairs
D:3 Eustachio
D:4 exclusion: phantom
D:10 1 runed translucent door, Joseph


Innate Abilities, Weirdness & Mutations

You cannot wear most types of armour.
You are amphibious.
You can wear up to eight rings at the same time.
Your skin changes colour to match your surroundings (Stealth+).
Your rubbery body absorbs attacks. (AC +1, EV +1)
((You are camouflaged near water. (Stealth+)))
You have tentacles for arms and can constrict up to eight enemies at once.
Your flesh is cold resistant. (rC+)
You are strong-willed. (Will+)
You are weak. (Str -2)


Message History

You are more poisoned.
You feel as though you will be slow longer.
The hornet stings you!
You are lethally poisoned!
You feel as though you will be slow longer.
Casting: Stone Arrow (dangerous; 3% risk of failure)
Confirm with . or Enter, or press ? or * to list all spells.
Aiming: Stone Arrow (dangerous; 3% risk of failure)
Press: ? - help, Shift-Dir - straight line, f/p - hornet
Aim: a hornet (almost dead, 57% to hit)
The stone arrow misses the hornet.
* * * LOW HITPOINT WARNING * * *
You feel extremely sick. The hornet barely misses you. x2
You feel much better.
You feel extremely sick. The hornet barely misses you.
You block the hornet's attack.
Casting: Stone Arrow (dangerous; 3% risk of failure)
Confirm with . or Enter, or press ? or * to list all spells.
Aiming: Stone Arrow (dangerous; 3% risk of failure)
Press: ? - help, Shift-Dir - straight line, f/p - hornet
Aim: a hornet (almost dead, 57% to hit)
The stone arrow hits the hornet.
The hornet is almost dead.
You feel very sick. The hornet stings you.
You feel as though you will be slow longer.
The hornet stings you!
* * * LOW HITPOINT WARNING * * *
You feel as though you will be slow longer.
The hornet stings you!
* * * LOW HITPOINT WARNING * * *
You feel as though you will be slow longer.
You feel better. The hornet stings you!
* * * LOW HITPOINT WARNING * * *
You suddenly lose the ability to move!
The hornet stings you.
* * * LOW HITPOINT WARNING * * *
You are lethally poisoned!
You shrug off the repeated paralysis!
You die...

#.....#....########
#.....#...........#
'.....#...........#
#.....#...........#
#.....#.#######...#
#.....#. #...#
#.....#. ##.##
#.....# #.# #.....#
#@# #.....#
......y.# #
........# #
........# #
........# #
........# #
....##### # .... #


You could see a hornet.

Levels and vault maps discovered:
D:1:      dpeg_arrival_ternary, layout_loops_ring, ebering_ecumenical_altar_webs
D:2:      layout_loops_ring, uniq_jessica
D:3:      layout_basic, mainiacjoe_overflow_alcove_2,
          gammafunk_temple_overflow_statue, nicolae_sif_muna_little_library,
          hangedman_decor_growths, chequers_avenue
D:4:      wad_pebble_path, layout_cave_pools,
          mainiacjoe_overflow_surrounded_room, uniq_eustachio
D:5:      layout_loops_cross, serial_shops, nicolae_diamond_shop
D:6:      layout_rooms, minmay_temple_entry_waves, st_stairs_14,
          hangedman_decor_diamond_cutter
D:7:      layout_loops_cross, led_xom_imps, kennysheep_little_box
D:8:      layout_rooms, serial_shops, shop, palyth_stone_intersect,
          minmay_unpleasant_kobolds
D:9:      layout_long_grid, serial_shops, nicolae_diamond_shop, kennysheep_boxes
D:10:     minmay_gate_of_8, layout_stronghold, uniq_joseph
D:11:     layout_irregular_city, lair_entry_dummy, david_orc_4, nzn_random_ring,
          uniq_psyche, uniq_fannar
Temple:   regret_index_temple_waves

Notes
Turn   | Place    | Note
-------+----------+-------------------------------------------
     0 | D:1      | ABBCCCDDDD the Octopode Earth Elementalist began the quest
                  | for the Orb.
     0 | D:1      | Reached XP level 1. HP: 11/11 MP: 3/3
    91 | D:1      | You fall into a shaft and drop 1 floor!
   548 | D:1      | Found a faded altar of an unknown god.
   562 | D:1      | Reached XP level 2. HP: 18/18 MP: 5/5
   837 | D:1      | Reached skill level 1 in Fighting
  1403 | D:2      | Reached XP level 3. HP: 23/23 MP: 4/6
  1598 | D:2      | Noticed Jessica
  1622 | D:2      | Killed Jessica
  1920 | D:2      | Reached XP level 4. HP: 29/29 MP: 7/7
  1924 | D:2      | Learned a level 3 spell: Stone Arrow
  2409 | D:3      | Reached skill level 1 in Conjurations
  2580 | D:3      | Found a shimmering blue altar of Sif Muna.
  2704 | D:3      | Reached XP level 5. HP: 25/34 MP: 5/8
  3346 | D:3      | Found a stormy altar of Qazlal.
  3415 | D:3      | Found a sparkling altar of Nemelex Xobeh.
  3416 | D:3      | Found a glowing golden altar of the Shining One.
  3482 | D:4      | Noticed Eustachio
  3517 | D:4      | Found an iron altar of Okawaru.
  3706 | D:4      | Reached XP level 6. HP: 31/39 MP: 5/9
  4420 | D:4      | Gained mutation: Your flesh is cold resistant. (rC+)
                  | [potion of mutation]
  4420 | D:4      | Gained mutation: You are strong-willed. (Will+) [potion of
                  | mutation]
  4420 | D:4      | Gained mutation: You are weak. (Str -2) [potion of
                  | mutation]
  5652 | D:5      | Entered Level 5 of the Dungeon
  5653 | D:5      | Noticed a sky beast
  5676 | D:5      | Found Edaur's Weapon Boutique.
  5945 | D:5      | Reached skill level 5 in Earth Magic
  6008 | D:5      | Reached XP level 7. HP: 45/45 MP: 6/10
  7138 | D:5      | Reached skill level 5 in Transmutations
  7254 | D:5      | Reached XP level 8. HP: 41/51 MP: 3/11
  8234 | D:6      | Found a staircase to the Ecumenical Temple.
  8258 | Temple   | Entered the Ecumenical Temple
  8363 | Temple   | ABBCCCDDDD: !polytheist abbcccdddd
  8363 | Temple   | beem: Unwon gods for abbcccdddd: Elyvilon, Wu Jian, Zin
  8484 | D:6      | Reached skill level 5 in Conjurations
  8587 | D:6      | Learned a level 2 spell: Passwall
  9125 | D:6      | Reached skill level 5 in Stealth
  9350 | D:7      | Noticed a hornet
  9895 | D:7      | Reached XP level 9. HP: 34/59 MP: 8/12
 10574 | D:7      | Noticed a troll
 10716 | D:7      | Found an ornate altar of the Wu Jian Council.
 10721 | D:7      | Became a worshipper of the Wu Jian Council
 10773 | D:7      | Paralysed by a hornet for 3 turns
 11307 | D:8      | Found Keuniy's Antique Armour Shoppe.
 11354 | D:8      | Bought a buckler for 130 gold pieces
 11400 | D:8      | Reached skill level 5 in Fighting
 11404 | D:8      | Reached skill level 1 in Shields
 11446 | D:8      | Reached skill level 5 in Dodging
 11755 | D:8      | Identified the +7 short sword of Tuikk {vamp, rF+ MP+9
                  | Int-5 SInv}
 12132 | D:7      | Reached skill level 1 in Short Blades
 12199 | D:7      | Found a shimmering altar of Xom.
 12775 | D:8      | Reached XP level 10. HP: 68/68 MP: 9/13
 14280 | D:9      | Reached * piety under Wu Jian
 14281 | D:9      | Reached skill level 1 in Evocations
 14610 | D:9      | Noticed a boulder beetle
 15048 | D:10     | Entered Level 10 of the Dungeon
 15494 | D:10     | Noticed an orc high priest
 15494 | D:10     | Noticed a stone giant
 15494 | D:10     | Noticed a flayed ghost
 15502 | D:10     | Found a runed translucent door.
 15502 | D:10     | Noticed a war gargoyle
 15632 | D:10     | Noticed Joseph
 15708 | D:9      | Killed a boulder beetle
 16426 | D:9      | Reached XP level 11. HP: 75/75 MP: 14/15
 16435 | D:8      | Reached skill level 5 in Short Blades
 16771 | D:9      | Found Bopil's Antique Armour Shop.
 17155 | D:10     | Noticed a two-headed ogre
 17158 | D:10     | Killed a two-headed ogre
 18239 | D:10     | Noticed a flayed ghost
 18239 | D:10     | Noticed a flayed ghost
 18239 | D:10     | Noticed a great orb of eyes
 18652 | D:11     | Reached ** piety under Wu Jian
 18824 | D:11     | Reached skill level 5 in Evocations
 18993 | D:11     | Paralysed by a hornet for 2 turns
 18993 | D:11     | HP: 3/77 [hornet (1)]
 18994 | D:11     | Succumbed to a hornet's poison

Table legend: (Time is in decaauts)
 A = Elapsed time spent in this place.
 B = Non-inter-level travel time spent in this place.
 C = Inter-level travel time spent in this place.
 D = Time resting spent in this place.
 E = Time spent auto-exploring this place.
 F = Levels seen in this place.
 G = Mean time per level.
                   A        B        C        D        E       F      G
               +--------+--------+--------+--------+--------+-----+--------+
         Total |  19013 |  18288 |    725 |   9989 |   5257 |  12 | 1584.4 |
       Dungeon |  18807 |  18097 |    710 |   9910 |   5158 |  11 | 1709.7 |
        Temple |    205 |    190 |     15 |     79 |     99 |   1 |  205.0 |
               +--------+--------+--------+--------+--------+-----+--------+

Top non-repeatable levels by time:
     D:8: 2609 daAuts
     D:7: 2205 daAuts
     D:6: 2089 daAuts
     D:3: 2018 daAuts
     D:9: 1996 daAuts
     D:5: 1665 daAuts
    D:10: 1621 daAuts
     D:2: 1556 daAuts
     D:4: 1262 daAuts
     D:1: 1075 daAuts
    D:11: 706 daAuts
  Temple: 205 daAuts

Table legend:
 A = Kills in this place as a percentage of kills in entire the game.
 B = Kills by you in this place as a percentage of kills by you in the entire game.
 C = Kills by friends in this place as a percentage of kills by friends in the entire game.
 D = Other kills in this place as a percentage of other kills in the entire game.
 E = Experience gained in this place as a percentage of experience gained in the entire game.
 F = Experience gained in this place divided by the number of levels of this place that you have seen.
                   A       B       C       D       E      F
               +-------+-------+-------+-------+-------+----------------------
         Total | 100.0 | 100.0 | 100.0 |   N/A | 100.0 | 1081.9
       Dungeon | 100.0 | 100.0 | 100.0 |   N/A | 100.0 | 1180.3
               +-------+-------+-------+-------+-------+----------------------

Action                   |  1- 3 |  4- 6 |  7- 9 | 10-12 || total
-------------------------+-------+-------+-------+-------++-------
Melee: Staff             |     6 |       |       |       ||     6
       Spear             |    50 |       |       |       ||    50
       Constrict         |    16 |    10 |     8 |     8 ||    42
       Tentacles         |     9 |     8 |    11 |    13 ||    41
       Unarmed           |     1 |       |       |       ||     1
       Dagger            |     2 |    51 |    36 |       ||    89
       Short sword       |       |       |    26 |    78 ||   104
Throw: Dart              |       |    12 |    43 |    21 ||    76
       Stone             |       |     1 |       |       ||     1
       Throwing net      |       |     1 |       |       ||     1
       Boomerang         |       |       |     6 |       ||     6
 Cast: Sandblast         |     6 |    47 |    36 |    34 ||   123
       Stone Arrow       |       |     4 |    92 |   105 ||   201
Invok: Lunge             |       |       |     2 |     9 ||    11
Evoke: Wand              |       |       |     2 |     6 ||     8
  Use: Scroll            |       |     7 |     4 |     6 ||    17
       Potion            |       |     5 |       |     2 ||     7
 Stab: Sleeping          |     2 |    10 |     5 |     6 ||    23
Armor: Skin              |     4 |     2 |     1 |     8 ||    15
Dodge: Dodged            |    29 |    64 |   101 |    97 ||   291
Block: Buckler           |       |       |     6 |    26 ||    32

Vanquished Creatures
  A boulder beetle (D:9)
  A two-headed ogre (D:10)
  An unseen horror (D:10)
  2 trolls
  A wraith (D:10)
  A wyvern (D:7)
  14 yaks
  A steam dragon (D:7)
  A hornet zombie (D:7)
  3 orc warriors
  3 sky beasts
  An ice beast (D:7)
  A black bear (D:6)
  5 ogres
  A phantom (D:6)
  A centaur (D:8)
  3 kobold brigands
  3 bullfrogs (D:8)
  3 scorpions
  2 water moccasin skeletons
  19 killer bees
  5 wights
  2 howler monkeys
  4 crimson imps (D:7)
  4 centaur zombies
  4 lava snakes (D:9)
  A bullfrog skeleton (D:5)
  2 orc priests
  5 hounds
  2 jellies
  Jessica (D:2)
  A gnoll shaman (D:6)
  5 orc wizards
  2 iguanas
  A killer bee zombie (D:8)
  2 howler monkey zombies
  9 gnolls
  5 adders
  A howler monkey skeleton (D:5)
  A shadow imp (D:7)
  A white imp (D:5)
  An ufetubus (D:6)
  2 worms (D:3)
  29 orcs
  10 ball pythons
  5 bats
  4 endoplasms
  2 giant cockroaches
  6 goblins
  7 hobgoblins
  4 quokkas
  A frilled lizard (D:3)
  16 kobolds
  6 rats
219 creatures vanquished.

Vanquished Creatures (collateral kills)
  A yak (D:9)
1 creature vanquished.

Grand Total: 220 creatures vanquished
